 Dungeon Crawl Stone Soup version 0.27-a0-1312-g5cdb2b3542 (webtiles) character file.

Game seed: 12381075233959639574

121907 Gwenloh the Earth Mage (level 16, -41/98 HPs)
             Began as a Gargoyle Earth Elementalist on June 18, 2021.
             Was an Elder of Sif Muna.
             Killed from afar by a spellforged servitor (58 damage)
             ... with an iron shot
             ... summoned by the player character
             ... on level 14 of the Dungeon on June 19, 2021.
             The game lasted 03:26:02 (38323 turns).

Gwenloh the Earth Mage (GrEE)                      Turns: 38323, Time: 03:26:02

Health: -41/98     AC: 26    Str: 12    XL:     16   Next: 86%
Magic:  6/30       EV: 16    Int: 28    God:    Sif Muna [****..]
Gold:   1402       SH:  0    Dex: 18    Spells: 9/35 levels left

rFire    + . .     SeeInvis .   b - staff of earth
rCold    + . .     Faith    +   (no shield)
rNeg     + . .     Spirit   .   X - +2 leather armour of Esoig {Dex+8}
rPois    ∞         Reflect  .   i - +2 helmet
rElec    +         Harm     .   V - scarf {rC+ rF+}
rCorr    .         Rampage  .   z - +0 pair of gloves of the Abyss {Will++ Int+5}
Will     +++..                  t - +2 pair of boots
Stlth    ++........             O - amulet of faith
HPRegen  0.26/turn              p - +4 ring of evasion
MPRegen  0.22/turn              Z - +4 ring of slaying

@: flying
A: sickness immunity, AC +12, big wings, negative energy resistance 1,
electricity resistance, torment resistance 1, petrification resistance
a: Renounce Religion, Channel Magic, Forget Spell, Divine Exegesis


You were on level 14 of the Dungeon.
You worshipped Sif Muna.
Sif Muna was greatly pleased with you.
You visited 4 branches of the dungeon, and saw 23 of its levels.
You also visited: Bailey.

You collected 3342 gold pieces.
You spent 1940 gold pieces at shops.

Inventory:

Hand Weapons
 a - the +10 quick blade of Beogh's Envy {vorpal, +Blink rF++}
   (You found it on level 6 of the Dungeon)

   It inflicts extra damage upon your enemies.
   It greatly protects you from fire.
   It lets you blink.
Missiles
 c - 358 stones
 E - a curare-tipped dart
Armour
 i - a +2 helmet (worn)
 j - a +3 chain mail of cold resistance
 t - a +2 pair of boots (worn)
 z - the +0 pair of gloves of the Abyss (worn) {Will++ Int+5}
   (You acquired it on level 10 of the Dungeon)

   It affects your intelligence (+5).
   It greatly increases your willpower.
 V - a scarf of resistance (worn)
 X - the +2 leather armour of Esoig (worn) {Dex+8}
   (You found it on level 6 of the Lair of Beasts)

   It affects your dexterity (+8).
Magical Staves
 b - a staff of earth (weapon)
 L - a staff of fire
Jewellery
 p - a +4 ring of evasion (left hand)
 w - an amulet of magic regeneration
 x - a ring of resist corrosion
 y - a ring of see invisible
 H - the ring of Trepidation {rN+ Int+6}
   (You found it on level 6 of the Dungeon)

   [ring of intelligence]

   It affects your intelligence (+6).
   It protects you from negative energy.
 J - an amulet of reflection
 O - an amulet of faith (around neck)
 Z - a +4 ring of slaying (right hand)
Wands
 d - a wand of iceblast (18)
 K - a wand of flame (21) (quivered)
 Q - a wand of digging (10)
Scrolls
 e - 9 scrolls of teleportation
 f - 7 scrolls of fear
 h - a scroll of magic mapping
 k - a scroll of summoning
 m - a scroll of identify
 s - 2 scrolls of silence
 v - 2 scrolls of brand weapon
 C - 5 scrolls of amnesia
 G - 2 scrolls of enchant armour
 M - 2 scrolls of fog
 P - 4 scrolls of enchant weapon
Potions
 g - 9 potions of curing
 l - 4 potions of mutation
 o - 4 potions of brilliance
 q - 2 potions of attraction {unknown}
 r - 11 potions of ambrosia
 u - a potion of experience {unknown}
 A - 3 potions of might
 F - 6 potions of haste
 N - 2 potions of resistance
 R - 3 potions of cancellation
 S - a potion of magic {unknown}
 T - 3 potions of lignification {unknown}
 U - 3 potions of berserk rage {unknown}


   Skills:
 + Level 10.4 Fighting
 - Level 10.0 Armour
 - Level 1.5 Dodging
 - Level 2.1 Stealth
 + Level 10.0 Spellcasting
 + Level 13.3 Conjurations
 - Level 0.7 Transmutations
 * Level 19.8 Earth Magic
 + Level 13.3 Invocations


You had 9 spell levels left.
You knew the following spells:

 Your Spells              Type           Power      Damage    Failure   Level
a - Sandblast             Erth           100%       2d20      0%          1
b - Iron Shot             Conj/Erth      51%        9d10      1%          6
c - Lee's Rapid Deconstr  Erth           56%        3d27*     1%          5
d - Passwall              Tmut/Erth      68%        N/A       1%          2
e - Petrify               Tmut/Erth      82%        N/A       1%          4
f - Irradiate             Conj/Tmut      26%        3d22      8%          5
g - Stone Arrow           Conj/Erth      100%       3d13      0%          3

Your spell library contained the following spells:

 Spells                   Type           Power      Damage    Failure   Level
 Foxfire                  Conj/Fire      100%       2x1d9     1%          1
 Searing Ray              Conj           100%       3d7       1%          2
 Static Discharge         Conj/Air       51%        N/A       1%          2
 Conjure Flame            Conj/Fire      51%        6-21      1%          3
 Bolt of Magma            Conj/Fire/Erth 42%        4d18      1%          5
 Mephitic Cloud           Conj/Pois/Air  39%        N/A       2%          3
 Borgnjor's Vile Clutch   Necr/Erth      40%        N/A       2%          5
 Beastly Appendage        Tmut           36%        N/A       3%          1
 Fulminant Prism          Conj/Hex       25%        3d14      3%          4
 Hailstorm                Conj/Ice       51%        3d11      3%          4
 Iskenderun's Mystic Bla  Conj/Tloc      51%        2d11      3%          4
 Pain                     Necr           56%        1d6       4%          1
 Sting                    Tmut/Pois      64%        1d6       4%          1
 Summon Small Mammal      Summ           56%        N/A       4%          1
 Call Imp                 Summ           14%        N/A       8%          2
 Ensorcelled Hibernation  Hex/Ice        28%        N/A       8%          2
 Slow                     Hex            14%        N/A       8%          2
 Fireball                 Conj/Fire      25%        3d11      9%          5
 Lightning Bolt           Conj/Air       25%        1d41      9%          5
 Ignite Poison            Fire/Tmut/Pois 15%        N/A       13%         3
 Spider Form              Tmut/Pois      8%         N/A       13%         3
 Call Canine Familiar     Summ           14%        N/A       14%         3
 Confusing Touch          Hex            14%        N/A       14%         3
 Gell's Gravitas          Tloc           7%         N/A       14%         3
 Ozocubu's Armour         Ice            14%        N/A       14%         3
 Portal Projectile        Hex/Tloc       28%        N/A       14%         3
 Summon Guardian Golem    Hex/Summ       14%        N/A       14%         3
 Teleport Other           Tloc           14%        N/A       14%         3
 Vampiric Draining        Necr           7%         2d7       14%         3
 Orb of Destruction       Conj           36%        9d13      17%         7
 Lehudib's Crystal Spear  Conj/Erth      51%        10d12     34%         8
 Ice Form                 Ice/Tmut       16%        N/A       38%         4
 Dispel Undead            Necr           14%        3d10      43%         4
 Summon Ice Beast         Ice/Summ       14%        N/A       43%         4
 Summon Lightning Spire   Summ/Air       14%        N/A       43%         4
 Conjure Ball Lightning   Conj/Air       25%        3x3d7     43%         6
 Blade Hands              Tmut           9%         N/A       71%         5
 Alistair's Intoxication  Tmut/Pois      10%        N/A       75%         5
 Yara's Violent Unravell  Hex/Tmut       8%         3d5       75%         5
 Excruciating Wounds      Necr           7%         N/A       80%         5
 Manifold Assault         Tloc           14%        N/A       80%         5
 Metabolic Englaciation   Hex/Ice        7%         N/A       80%         5
 Silence                  Hex/Air        7%         N/A       80%         5
 Shatter                  Erth           56%        3d42*     83%         9
 Spellforged Servitor     Conj/Summ      25%        N/A       95%         7
 Simulacrum               Ice/Necr       7%         N/A       100%        6
 Dragon Form              Tmut           9%         N/A       100%        7
 Monstrous Menagerie      Summ           7%         N/A       100%        7
 Ozocubu's Refrigeration  Ice            7%         4d6       100%        7
 Storm Form               Tmut/Air       8%         N/A       100%        7
 Summon Hydra             Summ           7%         N/A       100%        7
 Chain Lightning          Conj/Air       25%        3d34      100%        9
 Statue Form              Tmut/Erth      Unusable   N/A       N/A         6

Dungeon Overview and Level Annotations

Branches:
Dungeon (14/15)            Temple (1/1) D:5            Lair (6/6) D:9
 Shoals (0/4) Lair:4       Spider (0/4) Lair:3        Slime (0/5) Lair:5
    Orc (2/2) D:10            Elf (0/3) Orc:2        Vaults (0/5) D:13
 Bailey (visited)

Altars:
Ashenzari
Cheibriados
Dithmenos
Elyvilon
Fedhas
Gozag
Hepliaklqana
Kikubaaqudgha
Makhleb
Nemelex Xobeh
Okawaru
Qazlal
Ru
Sif Muna
Trog
Uskayaw
Vehumet
Wu Jian
Xom
Yredelemnul
Zin
The Shining One
Beogh
Jiyva

Shops:
D:5 *   Orc:1 !   Orc:2 ([:(*

Annotations:
D:4 MackTheKnife's ghost, amateur VSBr
D:6 2 runed translucent doors
Lair:3 3 runed translucent doors, qborf's ghost, journeyman GrEE
Orc:1 1 runed translucent door, Kuippoag's ghost, journeyman DrBe


Innate Abilities, Weirdness & Mutations

You are immune to sickness and miasma.
Your stone body is resilient. (AC +12)
You are immune to poison.
Your large and strong wings let you fly.
You resist negative energy. (rN+)
You are resistant to electric shocks. (rElec)
You are resistant to unholy torment.
You are immune to petrification.


Message History

The centaur warrior wields a +0 shortbow.
The centaur warrior shoots an arrow.
The arrow hits you!
* * * LOW HITPOINT WARNING * * *
You hear some strange, mumbled words.
The ufetubus closely misses you.
The ufetubus hits you but does no damage.
The ogre mage mumbles some strange words.
The ogre mage flickers and vanishes!
The centaur warrior shoots an arrow.
The arrow hits you but does no damage. The ufetubus closely misses you.
The ufetubus hits you but does no damage.
The deep elf pyromancer casts a spell at you.
The bolt of fire hits something!!
Reactivating autopickup.
The catoblepas dissolves into shadows!
The centaur warrior dissolves into shadows!
The bolt of fire hits something!!
You feel a bit more experienced. The bolt of fire hits you. You resist.
* * * LOW HITPOINT WARNING * * *
The boggart mumbles some strange words.
The boggart blinks!
Okay, then.
The ufetubus barely misses you. The ufetubus closely misses you.
The ufetubus misses you.
The ufetubus hits you but does no damage.
Your spellforged servitor points at the deep elf pyromancer and mumbles some strange words.
The iron shot hits the deep elf pyromancer!!!
The deep elf pyromancer dies!
Sif Muna accepts your kill. The ufetubus closely misses you.
The ufetubus misses you.
You hit the kobold demonologist but do no damage.
You shatter the kobold demonologist!
The kobold demonologist is moderately wounded.
The kobold demonologist hits you but does no damage.
The ufetubus hits you but does no damage.
The ufetubus closely misses you.
Your spellforged servitor gestures at the kobold demonologist while chanting.
The iron shot misses the ufetubus.
The iron shot hits you!!!
Ouch! That really hurt!
You die...

...# #.##...........####.#..#
##.# #.###########.## #.#..#
##.####.###########.## #....#
.....................# ###.##
####################.## #.#
.#.#.#.#[#.#.#...$♣#..## #.###
...............#.$(#...####)#.###
.##.##.##)).8..##..#............#
.......e..###..5@.8#..........<.#
..8#..§####.....#K.#....#.#.....#
'####'##⌠.o5#####..#....#.#.#.#.#
[:⌠#8c.#.p...8.8.$♣#..#.#.#..##.#
::_#K4.'.........|⌠#©...#.##.##.#
.:⌠#8g.#.....8.8.$♣#....#.##.##.#
'####'##⌠...#####..#.##.........#
..8#Qg.####.....#..#.#######.####
...g.g...G###.....8#.#### #.#


You could see a wizard, a kobold demonologist (ally target), an orc sorcerer, a
white imp (summoned), an ufetubus (summoned) and a friendly spellforged servitor
(summoned).

Vanquished Creatures
  A sphinx (D:11)
  Kirke (D:12)
  A tengu reaver (D:11)
  Donald (Orc:2)
  2 orc warlords
  Erolcha (Orc:2)
  Fannar (D:12)
  4 vault guards (D:13)
  4 centaur warriors
  5 boulder beetles
  4 hydras
  An ogre mage (D:13)
  5 catoblepae
  11 two-headed ogres
  11 death yaks
  An orc high priest (Orc:1)
  A tengu warrior (D:14)
  Sonja (Lair:3)
  Nergalle (Lair:4)
  A skeletal warrior (D:11)
  A flayed ghost (D:11)
  A wizard (D:10)
  A lindwurm (Lair:6)
  A deep elf pyromancer (D:14)
  An orc knight (Orc:1)
  Pikel (D:8)
  10 orc sorcerers
  6 ugly things
  4 oklob plants (Lair:5)
  A wolf spider (D:10)
  4 manticores
  4 cyclopes
  7 black mambas
  7 elephants
  9 gargoyles
  A torpor snail (Lair:6)
  An unseen horror (D:10)
  9 cane toads
  5 kobold demonologists
  A yaktaur (shapeshifter) (D:14)
  3 rime drakes
  An efreet (D:10)
  7 komodo dragons
  A tengu conjurer (D:14)
  3 meliai (D:12)
  A queen bee (D:12)
  18 trolls
  A polar bear (Lair:5)
  A jumping spider (shapeshifter) (D:13)
  13 slime creatures
  A hornet (D:11)
  17 blink frogs
  Grinder (D:3)
  23 dream sheep
  2 redbacks (Lair:3)
  A vampire (D:13)
  7 wraiths
  A shadow (D:11)
  6 wyverns
  A centaur simulacrum (D:11)
  A hog (D:12)
  63 yaks
  A steam dragon (D:8)
  13 vampire mosquitoes
  6 wargs
  3 acid dragons (D:11)
  19 water moccasins
  A floating eye (D:14)
  3 black bears
  An ice beast (D:7)
  27 orc warriors
  A sky beast (D:6)
  A necrophage (D:4)
  16 ogres
  56 wolves
  A boggart (D:14)
  10 centaurs
  2 phantoms (D:2)
  4 kobold brigands
  10 bullfrogs
  3 gnoll sergeants
  2 wyvern zombies
  3 scorpions
  A wyvern skeleton (D:7)
  33 killer bees
  An electric eel (Lair:6)
  9 howler monkeys
  9 centaur zombies
  2 bullfrog zombies
  4 jellies
  9 hounds
  A centaur skeleton (D:5)
  18 orc priests
  2 gnoll shamans
  6 iguanas
  47 orc wizards
  2 hell rats (D:9)
  4 hound skeletons
  A howler monkey zombie (D:8)
  Robin (D:2)
  18 gnolls
  8 adders
  2 howler monkey skeletons (D:6)
  A river rat (D:9)
  A shadow imp (D:6)
  An ufetubus (D:4)
  2 worms
  2 dart slugs (D:2)
  91 orcs
  2 bats
  3 endoplasms
  3 giant cockroaches
  24 goblins
  14 hobgoblins
  12 jackals
  25 kobolds
  4 quokkas
  5 ball pythons
  3 frilled lizards
  A quokka skeleton (D:4)
  5 rats
866 creatures vanquished.

Vanquished Creatures (collateral kills)
  A deep elf pyromancer (D:14)
  A torpor snail (Lair:6)
  A komodo dragon (Lair:6)
3 creatures vanquished.

Vanquished Creatures (others)
  An ogre mage (D:14)
  3 humans (D:12)
  A boggart (D:14)
  46 fungi
  123 plants
174 creatures vanquished.

Grand Total: 1043 creatures vanquished

Notes
Turn   | Place    | Note
-------+----------+-------------------------------------------
     0 | D:1      | Gwenloh the Gargoyle Earth Elementalist began the quest for
                  | the Orb.
     0 | D:1      | Reached XP level 1. HP: 10/10 MP: 3/3
   386 | D:1      | Reached skill level 4 in Earth Magic
   581 | D:1      | Reached XP level 2. HP: 15/15 MP: 5/5
   584 | D:1      | Learned a level 2 spell: Passwall
  1598 | D:2      | Reached XP level 3. HP: 19/19 MP: 6/6
  1602 | D:2      | Learned a level 3 spell: Stone Arrow
  1915 | D:2      | Noticed Robin
  2287 | D:2      | Reached skill level 5 in Earth Magic
  2487 | D:2      | Killed Robin
  2488 | D:2      | Reached XP level 4. HP: 20/24 MP: 2/8
  3338 | D:3      | Noticed a phantom
  3366 | D:2      | Killed a phantom
  3367 | D:2      | Reached skill level 6 in Earth Magic
  3367 | D:2      | Reached XP level 5. HP: 6/28 MP: 4/9
  3812 | D:3      | Noticed a phantom
  3851 | D:2      | Killed a phantom
  3852 | D:2      | Reached XP level 6. HP: 6/32 MP: 9/11
  4114 | D:2      | Learned a level 5 spell: Lee's Rapid Deconstruction
  4193 | D:3      | Reached skill level 7 in Earth Magic
  4638 | D:3      | Noticed Grinder
  4687 | D:3      | Paralysed by Grinder for 3 turns
  4694 | D:3      | Killed Grinder
  4695 | D:3      | Reached skill level 8 in Earth Magic
  4695 | D:3      | Reached XP level 7. HP: 36/36 MP: 5/13
  5900 | D:4      | Found a transporter.
  5900 | D:4      | Noticed MackTheKnife's ghost (amateur VSBr)
  5908 | D:4      | Reached skill level 9 in Earth Magic
  6391 | D:4      | Found a transporter.
  6525 | D:4      | Reached XP level 8. HP: 41/41 MP: 4/15
  6712 | D:4      | Reached skill level 5 in Spellcasting
  6826 | D:5      | Entered Level 5 of the Dungeon
  6826 | D:5      | Noticed a wyvern
  6899 | D:5      | Killed a wyvern
  6900 | D:5      | Reached skill level 10 in Earth Magic
  7036 | D:5      | Found Aprotuinysh's General Store.
  7328 | D:5      | Found a staircase to the Ecumenical Temple.
  7333 | Temple   | Entered the Ecumenical Temple
  7482 | Temple   | Became a worshipper of Sif Muna the Loreminder
  7597 | D:5      | Reached skill level 11 in Earth Magic
  7631 | D:4      | Reached XP level 9. HP: 45/45 MP: 7/18
  8188 | D:6      | Found an ornate altar of the Wu Jian Council.
  8198 | D:6      | Found a glowing silver altar of Zin.
  8274 | D:6      | Found a large runed translucent door.
  8275 | D:6      | Found a large runed translucent door.
  8317 | D:6      | Noticed a troll
  8318 | D:6      | Reached skill level 12 in Earth Magic
  8333 | D:6      | Found a large runed translucent door.
  8333 | D:6      | Found a large runed translucent door.
  8492 | D:6      | Found a shimmering blue altar of Sif Muna.
  8515 | D:6      | Killed a troll
  8516 | D:6      | Reached skill level 1 in Conjurations
  8516 | D:6      | Reached skill level 1 in Invocations
  8612 | D:6      | Reached * piety under Sif Muna
  8834 | D:6      | Identified the +10 quick blade of Beogh's Envy {vorpal,
                  | +Blink rF++}
  8984 | D:6      | Noticed a manticore
  8993 | D:6      | Killed a manticore
  9126 | D:6      | Identified the ring of Trepidation {rN+ Int+6}
  9338 | D:6      | Reached XP level 10. HP: 50/50 MP: 12/20
  9548 | D:7      | Reached skill level 13 in Earth Magic
  9776 | D:7      | Found a bloodstained altar of Trog.
  9776 | D:7      | Found an ancient bone altar of Kikubaaqudgha.
  9953 | D:7      | Noticed a gargoyle
  9958 | D:7      | Killed a gargoyle
 10016 | D:7      | Noticed a gargoyle
 10021 | D:7      | HP: 2/50 [gargoyle/stone arrow (18)]
 10022 | D:7      | Killed a gargoyle
 10327 | D:7      | Noticed a gargoyle
 10330 | D:7      | Killed a gargoyle
 10364 | D:7      | Noticed a gargoyle
 10367 | D:7      | Killed a gargoyle
 10394 | D:7      | Noticed a gargoyle
 10396 | D:7      | Killed a gargoyle
 10512 | D:8      | Reached ** piety under Sif Muna
 10718 | D:8      | Reached skill level 5 in Conjurations
 10788 | D:8      | Reached skill level 5 in Invocations
 10830 | D:8      | Noticed Pikel
 10835 | D:8      | Killed Pikel
 10836 | D:8      | Reached skill level 14 in Earth Magic
 11167 | D:9      | Reached XP level 11. HP: 54/54 MP: 12/23
 11272 | D:9      | Found a staircase to the Lair.
 11272 | D:9      | Noticed a death yak
 11272 | D:9      | Noticed a death yak
 11287 | D:9      | Learned a level 4 spell: Petrify
 11302 | D:9      | Noticed a death yak
 12138 | Lair:1   | Entered Level 1 of the Lair of Beasts
 12330 | Lair:1   | Reached *** piety under Sif Muna
 12413 | Lair:1   | Reached skill level 15 in Earth Magic
 12691 | Lair:1   | Reached XP level 12. HP: 48/59 MP: 18/25
 13373 | Lair:2   | Noticed a boulder beetle
 13584 | Lair:2   | Reached **** piety under Sif Muna
 13595 | Lair:1   | Reached skill level 16 in Earth Magic
 13920 | Lair:2   | Noticed a five-headed hydra
 13941 | Lair:2   | Killed a five-headed hydra
 14530 | Lair:2   | Reached skill level 10 in Spellcasting
 14694 | Lair:2   | Reached skill level 1 in Fighting
 14838 | Lair:2   | Reached skill level 1 in Armour
 14842 | Lair:2   | Reached XP level 13. HP: 64/65 MP: 14/27
 14983 | Lair:3   | Noticed Sonja
 15239 | Lair:3   | Noticed a minotaur
 15239 | Lair:3   | Noticed qborf's ghost (journeyman GrEE)
 15503 | Lair:3   | Found a hole to the Spider Nest.
 15815 | Lair:3   | Found a runed translucent gate.
 15815 | Lair:3   | Found a runed translucent gate.
 15815 | Lair:3   | Found a runed translucent gate.
 15931 | Lair:3   | Killed Sonja
 16291 | Lair:4   | Noticed Nergalle
 16294 | Lair:4   | Killed Nergalle
 16426 | Lair:4   | Found a staircase to the Shoals.
 16743 | Lair:4   | Identified a scroll of acquirement
 16745 | Lair:4   | Acquired a scarf of resistance
 17742 | Lair:5   | Found a staircase to the Slime Pits.
 17742 | Lair:5   | Found a viscous altar of Jiyva.
 18661 | Lair:5   | Identified the Tome of Moulding
 18857 | Lair:5   | Reached skill level 10 in Conjurations
 19563 | Lair:5   | Reached skill level 17 in Earth Magic
 19563 | Lair:5   | Reached skill level 10 in Invocations
 20007 | Lair:6   | Entered Level 6 of the Lair of Beasts
 20077 | Lair:5   | Reached skill level 5 in Fighting
 20077 | Lair:5   | Reached skill level 5 in Armour
 20223 | Lair:6   | Found a snail-covered altar of Cheibriados.
 20442 | Lair:5   | Reached ***** piety under Sif Muna
 20602 | Lair:6   | Gained mutation: Your large and strong wings let you fly.
                  | [Gargoyle growth]
 20602 | Lair:6   | Reached XP level 14. HP: 78/78 MP: 14/28
 20981 | Lair:5   | Identified Sif Muna's Almanac of Creative Moulding (Sif
                  | Muna gifted it to you on level 5 of the Lair of Beasts)
 20981 | Lair:5   | Received a gift from Sif Muna
 23376 | Lair:6   | Identified the +2 leather armour of Esoig {Dex+8}
 24231 | D:10     | Entered Level 10 of the Dungeon
 24501 | D:10     | Found a flagged portal.
 24515 | Bailey   | Entered a bailey
 24730 | Bailey   | Noticed an orc warlord
 24895 | Bailey   | Found a runed translucent gate.
 24907 | Bailey   | Found a runed translucent gate.
 24941 | Bailey   | Found a runed translucent gate.
 25166 | Bailey   | Killed an orc warlord
 25307 | Bailey   | Acquired the Tome of Dried Tears
 25316 | Bailey   | Learned a level 6 spell: Iron Shot
 25330 | Bailey   | Acquired Pymuhe's Grimoire of Confrontation
 25608 | D:10     | Reached XP level 15. HP: 88/88 MP: 22/29
 26057 | D:10     | Acquired the +0 pair of gloves of the Abyss {Will++ Int+5}
 26137 | D:10     | Reached skill level 18 in Earth Magic
 26138 | D:10     | Identified Sif Muna's Handbook of Shifting Attacks (Sif
                  | Muna gifted it to you on level 10 of the Dungeon)
 26138 | D:10     | Received a gift from Sif Muna
 26735 | D:10     | Found a staircase to the Orcish Mines.
 26820 | D:10     | Found a hide-covered altar of Uskayaw.
 26864 | Orc:1    | Entered Level 1 of the Orcish Mines
 26935 | Orc:1    | Found a runed translucent door.
 26935 | Orc:1    | Found a shimmering altar of Xom.
 26935 | Orc:1    | Noticed Kuippoag's ghost (journeyman DrBe)
 26969 | Orc:1    | Found Boithe's Distillery.
 27009 | Orc:1    | Bought a potion of cancellation for 120 gold pieces
 27231 | Orc:1    | Noticed an orc warlord
 27235 | D:10     | Killed an orc warlord
 27512 | Orc:1    | Found a radiant altar of Vehumet.
 28382 | Orc:1    | Identified Sif Muna's Handbook of Earthen Evil Secrets (Sif
                  | Muna gifted it to you on level 1 of the Orcish Mines)
 28382 | Orc:1    | Received a gift from Sif Muna
 29362 | Orc:2    | Entered Level 2 of the Orcish Mines
 29547 | Orc:2    | Noticed Donald
 29558 | Orc:2    | Killed Donald
 30630 | Orc:2    | Noticed Erolcha
 30632 | Orc:2    | Killed Erolcha
 30781 | Orc:2    | Found Celyzocwa's Assorted Antiques.
 30781 | Orc:2    | Found Danaebb's Antique Weapon Shoppe.
 30945 | Orc:2    | Found a staircase to the Elven Halls.
 31051 | Orc:2    | Identified Sif Muna's Incunabulum of Mutagenic Dislocation
                  | (Sif Muna gifted it to you on level 2 of the Orcish Mines)
 31051 | Orc:2    | Received a gift from Sif Muna
 31062 | Orc:2    | Found Annalar's Book Boutique.
 31062 | Orc:2    | Found Cayt's Armour Shoppe.
 31196 | Orc:2    | Found Owuom's Weapon Boutique.
 31612 | Orc:2    | Bought a scroll of acquirement for 1820 gold pieces
 31614 | Orc:2    | Acquired 652 gold pieces
 31698 | D:10     | Upgraded the game from 0.27-a0-1308-gc08437e49b to
                  | 0.27-a0-1312-g5cdb2b3542
 32191 | D:11     | Found a broken altar of Ashenzari.
 32340 | D:11     | Noticed a sphinx
 32562 | D:11     | Killed a sphinx
 32941 | D:11     | Identified the +6 long sword "Fuulul" {flame, rElec rC-
                  | Dex+2 Stlth+}
 33166 | D:11     | Reached XP level 16. HP: 96/96 MP: 6/30
 33644 | D:11     | Noticed a tengu reaver
 33652 | D:11     | Killed a tengu reaver
 34160 | D:11     | Reached skill level 19 in Earth Magic
 34759 | D:12     | Noticed Kirke
 34763 | D:12     | Killed Kirke
 34920 | D:12     | Identified Sif Muna's Compendium of the Ensnaring
                  | Snowflakes (Sif Muna gifted it to you on level 12 of the
                  | Dungeon)
 34920 | D:12     | Received a gift from Sif Muna
 34927 | D:12     | Noticed Fannar
 34933 | D:12     | Killed Fannar
 36100 | D:13     | Found an ancient bone altar of Kikubaaqudgha.
 36190 | D:13     | Found a gate to the Vaults.
 36195 | D:13     | Reached skill level 10 in Fighting
 36199 | D:13     | Reached skill level 10 in Armour
 37057 | D:14     | Found a radiant altar of Vehumet.
 37058 | D:14     | Identified the amulet "Unak" {Reflect -Tele rPois rC+ SH+5}
 37099 | D:14     | Found a transporter.
 37148 | D:14     | Learned a level 5 spell: Irradiate
 37432 | D:14     | Identified Sif Muna's Guide on Conjuration (Sif Muna gifted
                  | it to you on level 14 of the Dungeon)
 37432 | D:14     | Received a gift from Sif Muna
 38300 | D:14     | HP: 1/98 [deep elf annihilator/crystal spear (48)]
 38301 | D:14     | Paralysed by a floating eye for 3 turns
 38323 | D:14     | Killed from afar by a spellforged servitor

Illustrated notes

Levels and vault maps discovered:
D:1:      lightli_arrival_isolated_outpost, layout_loops_ring,
          kennysheep_doodads, minivault_4
D:2:      layout_basic, uniq_robin
D:3:      layout_basic, uniq_grinder
D:4:      minmay_wonky_spiral, layout_loops_ring, gammafunk_ghost_mausoleum,
          grunt_tough_drop
D:5:      layout_rooms, temple_doors_ab, serial_shops, shop
D:6:      layout_loops_ring, grunt_temple_overflow_open,
          chequers_serial_rivers_small_a, st_stairs_2, kennysheep_flooded_box,
          minmay_hollow_rounded_squares
D:7:      cheibrodos_statue_roulette, layout_basic,
          gammafunk_temple_overflow_pools, minmay_bent
D:8:      layout_cave_pools, minmay_strange_pillars, uniq_pikel
D:9:      layout_roguey, dpeg_lair_monsters
D:10:     layout_roguey, kennysheep_little_box,
          kennysheep_orc_monster_closet_entryway, enter_bailey_5,
          minmay_shattered_shrine
D:11:     nzn_winding_woodlands_stair_cross [nzn_winding_woodlands_5x15_crooked,
          nzn_winding_woodlands_center_pierced_h,
          nzn_winding_woodlands_5x15_zeroes,
          nzn_winding_woodlands_5x5_checkerboard,
          nzn_winding_woodlands_5x5_default,
          nzn_winding_woodlands_5x15_split_checker,
          nzn_winding_woodlands_center_garden,
          nzn_winding_woodlands_5x15_garden], layout_rooms,
          nicolae_ashenzari_skybound
D:12:     layout_loops_ring, special_room [special_room_bee], uniq_fannar,
          uniq_kirke
D:13:     layout_loops_cross, lightli_vaults_fourway_checkpoint,
          kiku_gazebo_pond_becter
D:14:     gammafunk_sealed_library, layout_loops_corners, minivault_23
Temple:   minmay_crystal_spiral_temple
Lair:1:   layout_misc_corridors, beast_lair_carwin_4, grunt_megastairs_2
Lair:2:   layout_concentric_octagons, grunt_forest_large_clearings,
          lemuel_fruit_fields, grunt_megastairs_3
Lair:3:   layout_long_grid, spider_nest_entry_webs,
          maelrawn_ghost_gauntlet_escape, chequers_serial_rivers_small_b,
          bh_autumn_forest_stairs, chequers_serial_rivers_room_b,
          chequers_serial_rivers_small_3, uniq_sonja
Lair:4:   layout_loops_ring, minmay_shoals_entry_centaurs,
          infiniplex_staircase_pool_2, lemuel_fruit_tree, uniq_nergalle
Lair:5:   layout_roguey, slime_altar_1, gauntlet_entry_generic,
          minmay_lair_oklob_chamber, wad_woods_river_01, serial_bayou_shore_b
Lair:6:   evilmike_catoblepas_cave, layout_gridlike, basic_altar,
          chequers_serial_rivers_room_a, serial_bayou_shore_a
Orc:1:    layout_caves, basic_altar, ebering_ghost_xom, serial_shops, shop,
          minmay_orc_temple_c
Orc:2:    st_orc_town, layout_caves, serial_shops, shop, uniq_donald,
          uniq_erolcha

Skill      XL: |  1  2  3  4  5  6  7  8  9 10 11 12 13 14 15 16 |
---------------+-------------------------------------------------+-----
Earth Magic    | 4 5 6 8 9 11 12 14 15 16 17 18 19 | 19.8
Spellcasting   | 3 4 6 7 8 9 10 | 10.0
Conjurations   | 3 5 7 9 10 11 12 13 | 13.3
Invocations    | 3 5 7 9 10 11 12 13 | 13.3
Fighting       | 1 5 7 9 10 | 10.4
Armour         | 1 5 7 9 10 | 10.0
Dodging        | |  1.5
Stealth        | |  2.1
Transmutations | |  0.7

Action                   |  1- 3 |  4- 6 |  7- 9 | 10-12 | 13-15 | 16-18 || total
-------------------------+-------+-------+-------+-------+-------+-------++-------
Melee: Dagger            |   170 |    24 |       |       |       |       ||   194
       Quarterstaff      |       |    59 |    39 |       |       |       ||    98
       Quick blade       |       |       |    26 |   100 |   184 |       ||   310
       Staff             |       |       |       |       |   115 |    46 ||   161
       Unarmed           |       |       |       |       |     4 |       ||     4
       Tailslap          |       |       |       |       |     2 |       ||     2
 Cast: Sandblast         |    17 |    20 |    37 |    62 |   187 |    36 ||   359
       Stone Arrow       |       |     9 |    79 |    89 |   131 |       ||   308
       Lee's Rapid Decon |       |       |     9 |    75 |   184 |    54 ||   322
       Passwall          |       |       |     1 |       |       |       ||     1
       Petrify           |       |       |       |     7 |    15 |     4 ||    26
       Iron Shot         |       |       |       |       |    85 |    59 ||   144
       Dragon Form       |       |       |       |       |     1 |       ||     1
       Monstrous Menager |       |       |       |       |     1 |       ||     1
       Spellforged Servi |       |       |       |       |       |     1 ||     1
Invok: Channel Magic     |       |       |       |     5 |     8 |     7 ||    20
       Divine Exegesis   |       |       |       |       |     2 |     1 ||     3
 Abil: Evoke Blink       |       |       |       |       |     2 |       ||     2
Evoke: Wand              |       |       |       |     1 |    32 |       ||    33
  Use: Scroll            |       |       |       |    12 |    20 |     3 ||    35
       Potion            |       |       |       |       |     2 |     3 ||     5
 Stab: Sleeping          |     3 |     1 |     2 |       |       |       ||     6
       Distracted        |       |       |     1 |       |       |       ||     1
Armor: Robe              |    47 |       |       |       |       |       ||    47
       Animal skin       |       |    42 |    57 |    66 |    93 |       ||   258
       Leather armour    |       |       |       |       |   130 |    57 ||   187
Dodge: Dodged            |    95 |    51 |    92 |   148 |   344 |   107 ||   837
Block: Other             |       |       |       |       |    32 |       ||    32
       Reflection        |       |       |       |       |     2 |       ||     2

Table legend: (Time is in decaauts)
 A = Elapsed time spent in this place.
 B = Non-inter-level travel time spent in this place.
 C = Inter-level travel time spent in this place.
 D = Time resting spent in this place.
 E = Time spent auto-exploring this place.
 F = Levels seen in this place.
 G = Mean time per level.
                   A        B        C        D        E       F      G
               +--------+--------+--------+--------+--------+-----+--------+
         Total |  38389 |  36855 |   1534 |  11273 |  15278 |  24 | 1599.5 |
       Dungeon |  20802 |  20147 |    655 |   5685 |  10295 |  14 | 1485.9 |
        Temple |    214 |    129 |     85 |      0 |    127 |   1 |  214.0 |
          Lair |  12041 |  11298 |    743 |   3635 |   3810 |   6 | 2006.8 |
  Orcish Mines |   4460 |   4410 |     50 |   1461 |    991 |   2 | 2230.0 |
        Bailey |    870 |    870 |      0 |    492 |     55 |   1 |  870.0 |
               +--------+--------+--------+--------+--------+-----+--------+

Top non-repeatable levels by time:
  Lair:5: 3741 daAuts
    D:11: 2856 daAuts
  Lair:6: 2782 daAuts
   Orc:1: 2247 daAuts
    D:10: 2228 daAuts
   Orc:2: 2213 daAuts
     D:1: 2013 daAuts
     D:4: 2001 daAuts
     D:2: 1916 daAuts
  Lair:1: 1611 daAuts
    D:14: 1444 daAuts
  Lair:2: 1407 daAuts
     D:6: 1309 daAuts
  Lair:4: 1301 daAuts
    D:12: 1223 daAuts
